 Dungeon Crawl Stone Soup version 0.18.1-5-g4a78601 (webtiles) character file.

151 Scarto the Covered (level 5, -7/47 HPs)
             Began as a Minotaur Fighter on May 11, 2016.
             Killed by nerve-wracking pain
             ... invoked by an orc priest
              (12 damage)
             ... on level 3 of the Dungeon.
             The game lasted 00:03:43 (2088 turns).

Scarto the Covered (Minotaur Fighter)               Turns: 2088, Time: 00:03:44

Health: -7/47      AC:  7    Str: 21    XL:     5   Next: 10%
Magic:  4/4        EV:  7    Int:  5    God:
Gold:   64         SH:  9    Dex: 10    Spells: 0 memorised, 4 levels left

rFire  . . .     SeeInvis .     a - +0 war axe
rCold  . . .     Gourm    .     b - +0 scale mail
rNeg   . . .     Faith    .     c - +0 shield
rPois  .         Spirit   .     (helmet restricted)
rElec  .         Dismiss  .     (no cloak)
rCorr  .         Reflect  .     (no gloves)
SustAt .         Harm     .     (no boots)
MR     .....                    (no amulet)
Stlth  ..........               (no ring)
                                (no ring)

@: not resistant to hostile enchantments, extremely unstealthy
A: retaliatory headbutt, horns 2
a: no special abilities


You were on level 3 of the Dungeon.
You were not hungry.

You visited 1 branch of the dungeon, and saw 3 of its levels.

You collected 64 gold pieces.

Inventory:

Hand Weapons
 a - a +0 war axe (weapon)
Missiles
 r - 3 tomahawks (quivered)
Armour
 b - a +0 scale mail (worn)
 c - a +0 shield (worn)
Scrolls
 j - a scroll of magic mapping
Potions
 d - a potion of might
 e - a potion of mutation
 g - 2 potions of curing {unknown}
 h - a potion of lignification {unknown}
 l - a potion of invisibility {unknown}
 m - a potion of berserk rage {unknown}
 o - 2 potions of brilliance
Comestibles
 f - 2 bread rations
 i - a beef jerky


   Skills:
 + Level 4.7 Fighting
 + Level 3.4 Axes
 + Level 5.0 Armour
 + Level 4.6 Shields


You had 4 spell levels left.
You didn't know any spells.

Dungeon Overview and Level Annotations

Branches:
Dungeon (3/15)

Altars:
Vehumet


Innate Abilities, Weirdness & Mutations

You reflexively headbutt those who attack you in melee.
You have a pair of horns on your head.


Message History

You kill the orc!
You hit the orc wizard but do no damage.
The orc wizard is heavily wounded.
The orc throws a tomahawk.
The tomahawk barely misses you.
The tomahawk hits the orc wizard.
The orc wizard hits you but does no damage.
You hit the orc priest. Your headbutt misses the orc priest.
The orc priest is moderately wounded.
You hit the orc wizard.
The orc wizard is heavily wounded.
The orc priest hits you with a flail.
* * * LOW HITPOINT WARNING * * *
The orc wizard hits you but does no damage.
You hit the orc priest. Your headbutt misses the orc priest.
The orc priest is heavily wounded.
You miss the orc wizard.
The orc wizard is heavily wounded.
The orc priest invokes the aid of Beogh against you.
Pain shoots through your body!
You die...

..# #.# *,,** **,,,,>** #.#
#.## *,** **,,****** #.###
##..####.# ***,,** *
#...#####........# *,,,**
###..##...#.###### **,***
##.#..###.# *,,* #.#.## #.##
**,** ******* # ##.#.#
#..#######..##***,,,,,, #
#....# ##...o@oo.....,,,,,,,,,
# #..###
###.)##...###*,,,,,,,, ###..#
#..#o,###,,,,,,,,,,, .##..##
*#..#,***,,**,,,,,,,, .##...#
*.....*,,,***,,,,,,,, ....#.#
*##..#..,,***,,,,,,,,,,
#.###.###
*........,,,,,***,,****
###*#...###...##..##*******,**
.....##......#...#* *,,*


You could see an orc priest, an orc wizard and an orc.

Vanquished Creatures
  Terence (D:3)
  Natasha (D:3)
  2 adders
  An ooze (D:1)
  3 worms
  6 dart slugs
  A giant gecko (D:2)
  9 orcs (D:3)
  2 giant cockroaches (D:1)
  A goblin (D:3)
  4 hobgoblins (D:1)
  4 jackals (D:3)
  3 kobolds
  A quokka (D:2)
  6 bats
  2 giant newts
  2 rats (D:2)
49 creatures vanquished.

Notes
Turn   | Place    | Note
--------------------------------------------------------------
     0 | D:1      | Scarto the Minotaur Fighter began the quest for the Orb.
     0 | D:1      | Reached XP level 1. HP: 19/19 MP: 0/0
    54 | D:1      | Reached XP level 2. HP: 27/27 MP: 1/1
   363 | D:1      | Reached skill level 4 in Armour
   651 | D:1      | Reached XP level 3. HP: 28/33 MP: 2/2
  1196 | D:2      | Found a radiant altar of Vehumet.
  1431 | D:3      | Reached XP level 4. HP: 37/41 MP: 3/3
  1459 | D:3      | Noticed Natasha
  1461 | D:3      | Killed Natasha
  1659 | D:3      | Noticed Terence
  1673 | D:3      | Killed Terence
  1673 | D:3      | Reached XP level 5. HP: 19/47 MP: 4/4
  2085 | D:3      | Reached skill level 5 in Armour
  2088 | D:3      | Killed from afar by an orc priest

Skill      XL: |  1  2  3  4  5 |
---------------+----------------+-----
Armour         | 4 5 |  5.0
Fighting       | 4 |  4.7
Shields        | 4 |  4.6
Axes           | 3 |  3.4

Action                   |  1- 3 |  4- 6 || total
-------------------------+-------+-------++-------
Melee: War axe           |    96 |    46 ||   142
       Headbutt          |     9 |     6 ||    15
  Use: Scroll            |       |     6 ||     6
  Eat: Bread ration      |     1 |       ||     1
Armor: Scale mail        |    46 |    21 ||    67
Dodge: Dodged            |    36 |    20 ||    56
Block: Shield            |    48 |    28 ||    76
